Map: [ESL] Equilibrium

Players

DnS

  • Race: Protoss Protoss
  • Spawn Location: 11:00

Spatz - Winner!

  • Race: Protoss Protoss
  • Spawn Location: 1:00

Event: ESL SC2 Masters 2023 Winter (Regional)

VOD

Have the link to the VOD?

Description

Time

  • Played on: Nov. 4, 2023, 12:09 p.m.
  • Length: 9:04

All games in this series

Show
View Real Time Build Order
Export as new Build Order

DnS Protoss 

Build Orders: Blink Stalkers 

Get SALT Encoding   

  12  0:00  Probe  
  13  0:12  Probe  
  14  0:17  Pylon  
  14  0:24  Probe (Chrono Boost)  
  15  0:36  Gateway, Probe (Chrono Boost)  
  16  0:44  Probe (Chrono Boost)  
  16  0:45  Assimilator  
  17  0:51  Probe  
  17  0:56  Assimilator  
  18  1:03  Probe (Chrono Boost)  
  19  1:07  Gateway  
  20  1:12  Probe (Chrono Boost)  
  20  1:17  Probe (Chrono Boost)  
  20  1:24  Cybernetics Core  
  21  1:29  Probe  
  22  1:35  Pylon  
  22  1:41  Probe  
  23  1:53  Probe  
  24  2:00  Sentry  
  24  2:01  Warp Gate, Stalker  
  28  2:05  Probe  
  29  2:09  Pylon  
  29  2:24  Stalker  
  31  2:31  Stalker  
  32  2:51  Nexus  
  32  2:53  Probe  
  33  3:01  Sentry x2  
  33  3:05  Probe  
  38  3:10  Pylon  
  38  3:21  Probe  
  38  3:24  Twilight Council  
  39  3:33  Probe  
  40  3:43  Shield Battery  
  38  3:52  Shield Battery  
  38  3:53  Adept  
  38  3:54  Adept  
  41  3:58  Blink (Chrono Boost)  
  40  4:08  Probe (Chrono Boost)  
  40  4:09  Probe (Chrono Boost)  
  42  4:19  Probe (Chrono Boost)  
  42  4:20  Probe (Chrono Boost)  
  44  4:26  Robotics Facility  
  44  4:28  Probe (Chrono Boost)  
  44  4:29  Probe (Chrono Boost)  
  46  4:36  Probe  
  47  4:38  Stalker  
  47  4:42  Probe  
  50  4:50  Stalker  
  50  4:51  Shield Battery  
  52  4:54  Probe x2  
  52  4:59  Stalker x2  
  54  5:06  Probe  
  54  5:07  Gateway, Probe  
  52  5:11  Immortal (Chrono Boost)  
  56  5:18  Probe  
  56  5:19  Probe  
  58  5:22  Pylon  
  58  5:35  Probe  
  59  5:36  Stalker  
  59  5:38  Probe  
  59  5:40  Pylon  
  59  5:41  Assimilator  
  62  5:47  Probe  
  58  5:56  Stalker  
  52  6:09  Stalker x2, Probe  
  52  6:10  Probe  
  56  6:19  Warp Prism (Chrono Boost)  
  56  6:21  Probe  
  59  6:27  Probe (Chrono Boost)  
  59  6:32  Stalker  
  62  6:33  Stalker  
  62  6:35  Probe (Chrono Boost)  
  62  6:38  Stalker  
  62  6:39  Probe (Chrono Boost)  
  68  6:45  Probe (Chrono Boost)  
  68  6:46  Probe (Chrono Boost)  
  70  6:50  Probe (Chrono Boost)  
  70  6:52  Pylon  
  70  6:53  Probe  
  72  7:03  Probe  
  72  7:08  Probe  
  74  7:19  Adept x2  
  74  7:22  Probe  
  79  7:23  Nexus  
  79  7:25  Observer (Chrono Boost)  
  79  7:26  Pylon  
  79  7:28  Probe  
  81  7:32  Sentry  
  81  7:34  Probe  
  84  7:41  Pylon  
  84  7:45  Immortal (Chrono Boost)  
  84  7:46  Probe x2  
  90  7:53  Shield Battery  
  90  7:59  Stalker x2  
  90  8:05  Stalker  
  64  8:23  Stalker x2  
  64  8:24  Immortal (Chrono Boost)  
  70  8:34  Stalker  
  72  8:40  Shield Battery  
  72  8:42  Pylon  
  72  8:47  Stalker x2  
Show
View Real Time Build Order
Export as new Build Order

Spatz Protoss - Winner!

Build Orders: Blink Stalkers 

Get SALT Encoding   

  12  0:00  Probe  
  13  0:12  Probe  
  14  0:17  Pylon  
  14  0:24  Probe (Chrono Boost)  
  15  0:37  Gateway, Probe (Chrono Boost)  
  16  0:43  Probe (Chrono Boost)  
  16  0:46  Assimilator  
  17  0:51  Probe  
  17  0:54  Assimilator  
  18  1:03  Probe (Chrono Boost)  
  19  1:07  Gateway  
  19  1:13  Probe (Chrono Boost)  
  19  1:18  Probe (Chrono Boost)  
  20  1:24  Cybernetics Core  
  21  1:29  Probe  
  22  1:36  Pylon  
  22  1:41  Probe  
  23  1:54  Probe  
  24  2:01  Sentry, Warp Gate (Chrono Boost), Stalker  
  28  2:07  Shield Battery  
  28  2:12  Pylon  
  28  2:16  Probe  
  29  2:27  Adept  
  31  2:31  Adept  
  33  2:50  Nexus  
  33  3:01  Twilight Council  
  33  3:03  Probe  
  33  3:14  Stalker  
  33  3:19  Probe  
  36  3:22  Pylon  
  36  3:31  Probe  
  36  3:34  Blink (Chrono Boost)  
  37  3:44  Probe  
  38  3:56  Probe  
  37  4:05  Probe  
  37  4:06  Stalker x2  
  37  4:08  Probe  
  43  4:18  Gateway  
  43  4:19  Gateway  
  43  4:20  Probe  
  44  4:28  Probe  
  45  4:31  Stalker x2  
  45  4:34  Probe  
  50  4:40  Probe  
  50  4:43  Pylon  
  51  4:46  Probe  
  52  4:55  Stalker x2  
  52  4:58  Shield Battery  
  56  5:04  Probe  
  55  5:09  Robotics Facility  
  56  5:18  Stalker x3  
  61  5:23  Pylon  
  61  5:37  Pylon  
  61  5:40  Probe  
  62  5:51  Probe  
  59  5:57  Immortal (Chrono Boost)  
  59  5:59  Stalker x4  
  65  6:05  Probe  
  60  6:17  Gateway  
  60  6:18  Gateway  
  60  6:23  Stalker x3  
  62  6:30  Immortal (Chrono Boost)  
  66  6:37  Assimilator  
  66  6:40  Shield Battery  
  66  6:45  Probe x2  
  67  6:52  Stalker  
  69  6:57  Pylon  
  69  7:03  Pylon  
  69  7:05  Warp Prism (Chrono Boost)  
  69  7:07  Charge (Chrono Boost)  
  70  7:13  Pylon  
  70  7:16  Probe x2  
  72  7:29  Probe  
  73  7:30  Stalker x4  
  81  7:37  Pylon  
  81  7:57  Stalker x4  
  89  8:00  Zealot x2  
  89  8:04  Pylon  
  75  8:21  Stalker x2  
  79  8:30  Zealot x2  
  75  8:46  Zealot  
  75  8:47  Zealot x2  
  79  8:49  Probe  
  79  8:51  Zealot  
  76  8:59  Stalker  
  76  9:02  Stalker  
Tags
 
Add a new tag
Caveats
  • Supply blocks, unpowered buildings, or Contaminate may cause inaccurate times.
  • Supply counts are checked every 10 seconds.